 Dungeon Crawl Stone Soup version 0.18-a0-1577-gf591c28 (webtiles) character file.

1572 M4edhros the Covert (level 8, 0/48 HPs)
             Began as an Octopode Artificer on Mar 22, 2016.
             Slain by an ogre
             ... wielding a +0 giant club
              (24 damage)
             ... on level 6 of the Dungeon.
             The game lasted 00:09:29 (4789 turns).

M4edhros the Covert (Octopode Artificer)            Turns: 4789, Time: 00:09:30

Health: 0/48       AC:  7    Str: 10    XL:     8   Next: 90%
Magic:  10/10      EV: 15    Int: 15    God:
Gold:   270        SH:  0    Dex: 14    Spells: 0 memorised, 7 levels left

rFire  . . .     SeeInvis .     w - +2 short sword (protect)
rCold  . . .     Gourm    .     (no shield)
rNeg   . . .     Faith    .     (helmet restricted)
rPois  .         Spirit   .     l - amulet of regeneration
rElec  .         Dismiss  .     (no ring)
rCorr  .         Reflect  .     (no ring)
SustAt .         Harm     .     (no ring)
MR     .....                    (no ring)
Stlth  ++++++....               (no ring)
                                (no ring)
                                (no ring)
                                (no ring)

@: not resistant to hostile enchantments, very stealthy
A: almost no armour, amphibious, 8 rings, constrict 8, icy blue scales 1,
camouflage 1, gelatinous body 1
a: no special abilities


You were on level 6 of the Dungeon.
You were very hungry.

You visited 1 branch of the dungeon, and saw 6 of its levels.

You collected 270 gold pieces.

Inventory:

Hand Weapons
 o - a +0 hunting sling
 p - a +2 mace of holy wrath
 w - a +2 short sword of protection (weapon)
 D - a +2 whip of electrocution
 F - a +2 spear of flaming
Missiles
 i - 191 stones (quivered)
 u - 10 sling bullets of frost
 z - 5 tomahawks of returning
 J - 23 sling bullets
Jewellery
 l - an amulet of regeneration (around mantle)
 H - an uncursed amulet of magic regeneration {unknown}
Wands
 b - a wand of flame (12/48)
 c - a wand of enslavement (13/24)
 d - a wand of random effects (10/48)
 r - a wand of acid (9/15)
 A - a wand of acid (9/15)
 B - a wand of iceblast (6/15)
Scrolls
 e - 3 scrolls of teleportation {unknown}
 n - 9 scrolls of identify {unknown}
 q - 2 scrolls of fog {unknown}
 s - 2 scrolls of immolation {unknown}
 t - 2 scrolls of recharging {unknown}
 y - a scroll of remove curse {unknown}
 C - a scroll of amnesia {unknown}
 G - 3 scrolls of blinking {unknown}
 L - 2 scrolls of noise {unknown}
Potions
 a - a potion of resistance {unknown}
 k - 2 potions of haste {unknown}
 m - a potion of might {unknown}
 v - a potion of lignification
 x - a potion of brilliance {unknown}
 E - 2 potions of curing {unknown}
 K - a potion of agility {unknown}
Comestibles
 f - 5 bread rations
 g - 2 royal jellies
 h - 8 meat rations
 j - 4 fruits
 I - a slice of pizza


   Skills:
 - Level 1.0 Fighting
 - Level 1.0 Short Blades
 + Level 4.6 Slings
 + Level 5.7 Dodging
 * Level 11.3 Stealth
 - Level 3.2 Evocations


You had 7 spell levels left.
You didn't know any spells.

Dungeon Overview and Level Annotations

Branches:
Dungeon (6/15)
 Temple: D:4-7

Altars:
Ashenzari
Elyvilon
Fedhas
Kikubaaqudgha
Okawaru
Sif Muna
Yredelemnul
Zin
The Shining One

Shops:
D:5 [


Innate Abilities, Weirdness & Mutations

You cannot wear most types of armour.
You are amphibious.
You can wear up to eight rings at the same time.
You can use your tentacles to constrict eight enemies at once.
Your skin changes colour to match your surroundings (Stealth).
Your rubbery body absorbs attacks (AC +1).
You are partially covered in icy blue scales (AC +1).


Message History

You release your grip on the orc.
You hit the orc.
You kill the orc!
Evoke which item? (* to show all) (? for menu, Esc to quit)
Zapping:
d - a wand of random effects (11/48)
Press: ? - help, Shift-Dir - straight line, f - ogre
Aim: an ogre, wielding a giant club The ogre flickers and vanishes!
Deactivating autopickup; reactivate with Ctrl-A.
This wand has 10 charges left.
Something hits you!
Evoke which item? (* to show all) (? for menu, Esc to quit)
Okay, then.
Drink which item? (? for menu, Esc to quit)
Okay, then.
Evoke which item? (* to show all) (? for menu, Esc to quit)
Zapping:
c - a wand of enslavement (14/24)
Press: ? - help, Shift-Dir - straight line, f - you Nothing appears to happen.
This wand has 13 charges left.
Something hits you!!
Ouch! That really hurt!
You die...

.# #..# #.#####.#......'..
.####.# #.#.....#......###
......## #.#.#####......#
.......# #.#.# #......#
.....#.#########.#.# #......###
....##..##.........# #.)....##.
........##.#####.#######......##.
.<......##.# #.#....##......##.
Y.......##.# #@#?...##########.
........##.# #{#....### #.
.........#.#####.#....... #.
.........#(<.....'......# #.
...........#####.#....### #.
##....................+ ##
#...####......#.#....#
###...........#.######
#.......#..#.##.#


There were no monsters in sight!

Vanquished Creatures
  Pikel (D:4)
  Sigmund (D:6)
  A sky beast (D:6)
  2 ogres
  A centaur (D:5)
  A giant frog (D:6)
  2 scorpions
  2 orc priests (D:4)
  3 orc wizards
  2 hounds (D:5)
  2 worker ants
  A killer bee zombie (D:5)
  3 gnolls
  5 adders
  A worm (D:2)
  A dart slug (D:1)
  6 giant geckos
  23 orcs
  7 bats
  5 giant cockroaches
  2 gnoll zombies (D:6)
  7 goblins
  7 hobgoblins
  9 jackals
  9 kobolds
  6 quokkas
  A ball python (D:1)
  2 giant gecko skeletons
  7 giant newts
  12 rats
132 creatures vanquished.

Vanquished Creatures (collateral kills)
  A worker ant zombie (D:5)
  A shadow imp (D:5)
2 creatures vanquished.

Vanquished Creatures (others)
  A worker ant (D:4)
  An adder (D:4)
  A withered plant (D:4)
3 creatures vanquished.

Grand Total: 137 creatures vanquished

Notes
Turn   | Place    | Note
--------------------------------------------------------------
     0 | D:1      | M4edhros the Octopode Artificer began the quest for the Orb.
     0 | D:1      | Reached XP level 1. HP: 13/13 MP: 3/3
   180 | D:1      | Reached skill level 2 in Stealth
   243 | D:1      | Reached XP level 2. HP: 13/18 MP: 4/4
   280 | D:1      | Reached skill level 3 in Stealth
   571 | D:1      | Reached XP level 3. HP: 20/23 MP: 5/5
  1043 | D:1      | Reached skill level 4 in Stealth
  1318 | D:2      | Found a shattered altar of Ashenzari.
  1482 | D:2      | Reached XP level 4. HP: 28/28 MP: 6/6
  1903 | D:3      | Reached skill level 5 in Stealth
  2149 | D:3      | Reached XP level 5. HP: 31/33 MP: 7/7
  2630 | D:3      | Reached skill level 1 in Slings
  2733 | D:4      | Noticed a slave
  2734 | D:4      | Noticed Pikel
  2734 | D:4      | Noticed a slave
  2778 | D:4      | Reached skill level 6 in Stealth
  2851 | D:4      | Reached XP level 6. HP: 21/38 MP: 8/8
  2917 | D:4      | Found a white marble altar of Elyvilon.
  3012 | D:4      | Noticed a slave
  3014 | D:4      | Noticed a slave
  3028 | D:4      | Killed Pikel
  3028 | D:4      | Reached skill level 8 in Stealth
  3028 | D:4      | Reached XP level 7. HP: 43/43 MP: 9/9
  3041 | D:4      | Found a deep blue altar of Sif Muna.
  3104 | D:4      | Found an ancient bone altar of Kikubaaqudgha.
  3104 | D:4      | Found a blossoming altar of Fedhas.
  3234 | D:5      | Entered Level 5 of the Dungeon
  3257 | D:5      | Found Xajygg's Antique Armour Shop.
  3273 | D:5      | Reached skill level 9 in Stealth
  3429 | D:5      | Found a glowing silver altar of Zin.
  3517 | D:5      | Reached XP level 8. HP: 48/48 MP: 10/10
  3831 | D:5      | Reached skill level 5 in Dodging
  3984 | D:6      | Noticed Sigmund
  3992 | D:6      | Killed Sigmund
  3992 | D:6      | Reached skill level 10 in Stealth
  4015 | D:6      | Found a basalt altar of Yredelemnul.
  4246 | D:6      | Reached skill level 11 in Stealth
  4250 | D:6      | Gained mutation: You are partially covered in icy blue scales (AC +1). [mutagenic meat]
  4304 | D:6      | Found a glowing golden altar of the Shining One.
  4618 | D:6      | Found an iron altar of Okawaru.
  4789 | D:6      | Slain by an ogre

Vault maps used:
D:1:      dpeg_arrival_water_fire
D:2:      evilmike_ruin_ashenzari
D:3:      first_bread
D:4:      grunt_temple_overflow_growth_and_decay, kennysheep_mini_moat,
          lemuel_doored_altar, uniq_pikel
D:5:      old_standard_altar, serial_shops, shop, corexii_leaking_fountain,
          kennysheep_nondescript, minivault_14
D:6:      lemuel_ice_spiral_2, lemuel_zombie_altar_yredelemnul,
          overflow_temple_1_default, tso_metal_star, uniq_sigmund

Skill      XL: |  1  2  3  4  5  6  7  8 |
---------------+-------------------------+-----
Stealth        | 2 3 4 5 6 8 9 11 | 11.3
Dodging        | 3 4 5 |  5.7
Slings         | 1 2 3 4 |  4.6
Fighting       | |  1.0
Short Blades   | |  1.0
Evocations     | |  3.2

Action                   |  1- 3 |  4- 6 |  7- 9 || total
-------------------------+-------+-------+-------++-------
Melee: Short sword       |    55 |    53 |   104 ||   212
       Mace              |    23 |    48 |       ||    71
Throw: Stone             |       |     1 |       ||     1
Evoke: Wand              |       |     2 |     8 ||    10
  Use: Potion            |       |       |     1 ||     1
 Stab: Sleeping          |    13 |    11 |    16 ||    40
       Distracted        |     1 |     2 |       ||     3
       Paralysed         |       |     3 |       ||     3
       Confused          |       |       |     1 ||     1
  Eat: Chunk             |     2 |     5 |     6 ||    13
